 Dungeon Crawl Stone Soup version 0.18.1-48-g4cf74bf (webtiles) character file.

58 Alarkh the Insei (level 3, -2/27 HPs)
             Began as a Vampire Skald on Sept 10, 2016.
             Killed by nerve-wracking pain
             ... invoked by a shadow imp
             ... summoned by Natasha
              (8 damage)
             ... on level 2 of the Dungeon.
             The game lasted 00:02:27 (1318 turns).

Alarkh the Insei (Vampire Skald)                    Turns: 1318, Time: 00:02:27

Health: -2/27      AC:  3    Str: 11      XL:     3   Next: 75%
Magic:  3/6        EV: 11    Int: 12 (15) God:
Gold:   90         SH:  0    Dex: 12 (13) Spells: 3 memorised, 1 level left

rFire  . . .     SeeInvis +       - Unarmed
rCold  . . .     Gourm    .     a - +0 leather armour
rNeg   + . .     Faith    .     (no shield)
rPois  .         Spirit   .     (no helmet)
rElec  .         Dismiss  .     (no cloak)
rCorr  .         Reflect  .     (no gloves)
SustAt .         Harm     .     (no boots)
MR     .....                    (no amulet)
Stlth  +.........               (no ring)
                                (no ring)

@: infused (expiring), very slightly contaminated, not resistant to hostile
enchantments, very unstealthy
A: fangs 3, see invisible, unbreathing
a: Bat Form


You were on level 2 of the Dungeon.
You were not thirsty.

You visited 1 branch of the dungeon, and saw 2 of its levels.

You collected 90 gold pieces.

Inventory:

Armour
 a - a +0 leather armour (worn)
Scrolls
 d - a scroll of amnesia {unknown}
 g - a scroll of immolation {unknown}
 i - a scroll of identify {unknown}
Potions
 c - 2 potions of blood
Books
 b - a book of Battle

   Spells                             Type                      Level
   a - Infusion                       Charms                       1
   b - Shroud of Golubria             Charms/Translocation         2
   c - Song of Slaying                Charms                       2
   d - Spectral Weapon                Hexes/Charms                 3
   e - Regeneration                   Charms/Necromancy            3


   Skills:
 - Level 1.7 Fighting
 - Level 0.7 Armour
 - Level 1.1 Dodging
 + Level 4.5 Unarmed Combat
 - Level 2.0 Spellcasting
 - Level 3.2 Charms


You had one spell level left.
You knew the following spells:

 Your Spells              Type           Power        Failure   Level  Hunger
a - Infusion              Chrm           #...         12%         1    ##.....
b - Song of Slaying       Chrm           #.......     17%         2    ###....
c - Shroud of Golubria    Chrm/Tloc      #.........   30%         2    ###....


Dungeon Overview and Level Annotations

Branches:
Dungeon (2/15)

Altars:

Annotations:
D:2 Natasha


Innate Abilities, Weirdness & Mutations

You have razor-sharp teeth.
You have supernaturally acute eyesight.
You can survive without breathing.


Message History

You hit Natasha.
Natasha is almost dead.
Natasha zaps a wand.
The shadow imp gestures at you. Pain shoots through your body!
* * * LOW HITPOINT WARNING * * *
You completely miss Natasha.
Natasha is almost dead.
Natasha claws you.
* * * LOW HITPOINT WARNING * * *
The shadow imp closely misses you.
You closely miss Natasha.
Natasha is almost dead.
Natasha closely misses you.
The shadow imp hits you but does no damage.
You closely miss Natasha.
Natasha is almost dead.
The shadow imp gestures at you. Pain shoots through your body!
You die...

#......##.##...#
#.####.......#.####
#.##
####.##......#####
#..#
#.######.......
##.## #.# #####..#
#..# #.# ##.. ##.#
#.# ### #.#####.#
..# # #...@5#.#
...# # #####h5.#
...# ##..## ....#
#...# ....# #
#...##...5# #
##.....# #. #....##
## ... ###.#.###...
###. #...........#
#..


You could see Natasha, a crimson imp and a shadow imp.

Vanquished Creatures
  Natasha (D:2)
  An adder (D:2)
  An ooze (D:1)
  2 ball pythons
  4 goblins
  2 hobgoblins (D:1)
  3 bats (D:1)
  A giant newt (D:1)
  4 kobolds
  A rat (D:1)
20 creatures vanquished.

Notes
Turn   | Place    | Note
--------------------------------------------------------------
     0 | D:1      | Alarkh the Vampire Skald began the quest for the Orb.
     0 | D:1      | Reached XP level 1. HP: 16/16 MP: 3/3
   203 | D:1      | Reached skill level 3 in Unarmed Combat
   210 | D:1      | Reached XP level 2. HP: 15/22 MP: 5/5
   811 | D:2      | Learned a level 2 spell: Song of Slaying
   814 | D:2      | Learned a level 2 spell: Shroud of Golubria
   823 | D:2      | Reached XP level 3. HP: 9/27 MP: 1/6
   930 | D:2      | Reached skill level 4 in Unarmed Combat
   990 | D:2      | Noticed Natasha
  1141 | D:2      | Killed Natasha
  1152 | D:2      | Noticed Natasha
  1318 | D:2      | Killed from afar by a shadow imp

Skill      XL: |  1  2  3 |
---------------+----------+-----
Unarmed Combat | 3 4 |  4.5
Fighting       | |  1.7
Armour         | |  0.7
Dodging        | |  1.1
Spellcasting   | |  2.0
Charms         | |  3.2

Action                   || total
-------------------------++-------
Melee: Unarmed           ||    93
       Bite              ||    10
 Cast: Infusion          ||     5
       Song of Slaying   ||     1
  Use: Potion            ||     8
Armor: Leather armour    ||    18
Dodge: Dodged            ||    51
